Cogmind - Beta 15 @@@ ROGUE MODE // 2025.05.04 @ 02:06:57 Player: jumpy Result: Destroyed by H-71 Marshal with Heavy Mass Driver Performance ------------- Evolutions (7) 3500 Regions Visited (17) 3400 Robots Destroyed (118) 590 Value Destroyed (5278) 5278 Prototype IDs (26) 520 Alien Tech Used (0) 0 Bonus (1809) 1809 TOTAL SCORE: 15097 Bonus ------- High Alert Combat Kills 22 Follower Combat Kills 98 Entered Garrisons 400 Used RIF Installer 1000 Aligned with FarCom 300 Friendly Fire -11 Cogmind --------- Core Integrity 0/1300 Matter 45/300 Energy 98/100 System Corruption 0% Temperature Cool (0) Movement Core (50) Location -3/Research Parts ------- > --- POWER (1) -------- (None) > --- PROPULSION (5) --- (None) > --- UTILITY (11) ----- Improved Target Analyzer > --- WEAPON (4) ------- (None) > --- INVENTORY (5) ---- Improved Remote Datajack Peak State ------------ > --- POWER ------------ Improved Deuterium Engine > --- PROPULSION ------- Armored Huge Wheel Centrium Wheel Centrium Wheel > --- UTILITY ---------- High-capacity Storage Unit Advanced Sensor Array Improved Target Analyzer Improved Target Analyzer Advanced Recoil Stabilizer Transmission Jammer > --- WEAPON ----------- Heavy Proton Cannon Heavy Phase Cannon Hypervelocity Gauss Rifle Mass Driver > --- INVENTORY -------- High-powered Shock Rifle Plasma Rifle Heavy Phase Cannon Improved Remote Datajack [Rating: 78] Favorites ----------- Power Improved Deuterium Engine Engine Improved Deuterium Engine Power Core Micro Nuclear Core Reactor Light Antimatter Reactor Propulsion Light Treads Treads Light Treads Leg Carbon-fiber Leg Wheel Centrium Wheel Flight Unit Field Propulsion Array Utility Large Storage Unit Device Seismic Detector Storage Large Storage Unit Processor Improved Target Analyzer Hackware Hacking Suite Protection Improved Medium Armor Plating Weapon Gauss Rifle Energy Gun Gatling Laser Energy Cannon Heavy Phase Cannon Ballistic Gun Gauss Rifle Ballistic Cannon Mass Driver Launcher Rocket Launcher Special Weapon Remote Datajack Impact Weapon Power Maul Slashing Weapon Axe Build | -11 -10 -10 -10 -9 -8 -7 -7 -7 -7 -7 -6 -6 -5 -5 -5 -4 -3 ------- Run | Yrd Mat Min Exi Min Mat Fac Gar Fac Low Low Fac Gar Fac Upp Upp Fac Res Slots Evolved 14 | . . . . . 4 2 . . . . 2 . 2 . . 2 2 Power . | . . . . . . . . . . . . . . . . . . Propulsion 3 | . . . . . 2 . . . . . . . . . . . 1 Utility 9 | . . . . . 2 1 . . . . 2 . 1 . . 2 1 Weapon 2 | . . . . . . 1 . . . . . . 1 . . . . Parts Attached 121 | 7 . 1 2 . 9 5 18 8 2 . 4 6 31 2 4 11 11 Power 12 | 1 . . . . . 1 3 . . . . 1 4 . . 2 . Engine 7 | 1 . . . . . . 3 . . . . 1 2 . . . . Core 3 | . . . . . . 1 . . . . . . 2 . . . . Reactor 2 | . . . . . . . . . . . . . . . . 2 . Propulsion 38 | 2 . . . . 3 . 7 4 . . . 4 10 . 1 4 3 Treads 25 | 2 . . . . 3 . 7 4 . . . 4 4 . . . 1 Leg 8 | . . . . . . . . . . . . . 6 . . . 2 Wheel 3 | . . . . . . . . . . . . . . . 1 2 . Hover . | . . . . . . . . . . . . . . . . . . Flight 2 | . . . . . . . . . . . . . . . . 2 . Utility 32 | 2 . 1 2 . 3 3 3 1 2 . 2 1 8 1 1 1 1 Device 15 | 1 . 1 . . 1 1 . 1 1 . 1 . 5 . 1 1 1 Storage 4 | 1 . . 2 . . . . . . . . . 1 . . . . Processor 4 | . . . . . 1 . 1 . . . . . 1 1 . . . Hackware 4 | . . . . . 1 . 1 . . . 1 1 . . . . . Protection 5 | . . . . . . 2 1 . 1 . . . 1 . . . . Artifact . | . . . . . . . . . . . . . . . . . . Weapon 39 | 2 . . . . 3 1 5 3 . . 2 . 9 1 2 4 7 Energy Gun 10 | . . . . . . . 2 . . . . . 5 . . 1 2 Energy Cannon 6 | . . . . . . . . . . . . . 2 . 1 2 1 Ballistic Gun 11 | 2 . . . . 2 1 2 2 . . . . . . . 1 1 Ballistic Cannon 6 | . . . . . . . . . . . . . 1 1 1 . 3 Launcher 1 | . . . . . 1 . . . . . . . . . . . . Special Weapon 1 | . . . . . . . . . . . 1 . . . . . . Impact Weapon 3 | . . . . . . . . 1 . . 1 . 1 . . . . Slashing Weapon 1 | . . . . . . . 1 . . . . . . . . . . Piercing Weapon . | . . . . . . . . . . . . . . . . . . Special Melee Weapon . | . . . . . . . . . . . . . . . . . . Unidentified Prototypes 3 | . . . . . 1 . . . . . . . 1 . . 1 . Corrupted Parts 2 | . . . . . . . . . . . . . 2 . . . . System Corruption 5 | . . . . . . . . . . . . . 5 . . . . Parts Lost 83 | . . . . . . . 12 1 . . . 9 25 11 . 14 11 Power 8 | . . . . . . . . . . . . 2 2 2 . 2 . Propulsion 29 | . . . . . . . 6 . . . . 3 8 6 . 3 3 Utility 19 | . . . . . . . 4 . . . . 4 5 1 . 4 1 Weapon 27 | . . . . . . . 2 1 . . . . 10 2 . 5 7 Highest Loss Streak 9 | . . . . . . . 8 1 . . . 9 6 5 . 5 7 To Critical Strikes 1 | . . . . . . . . . . . . . . 1 . . . Average Backups 10 | 3 7 7 6 7 9 14 14 14 14 15 14 13 8 7 6 5 2 Power 1 | . 1 1 1 1 1 1 2 2 2 2 2 1 1 1 . . . Propulsion 2 | 1 1 1 1 1 2 5 4 4 4 4 4 3 . . . . . Utility 1 | . 2 2 1 2 1 1 1 2 3 3 1 1 . . . . . Weapon 4 | . 2 3 3 3 4 6 5 5 4 5 6 6 5 4 4 3 1 Tool/Special . | . . . . . . . . . . . . . . . . . . Unused Backups 22 | . 1 1 . . 2 1 6 4 2 . 1 1 . . . 1 2 Power 2 | . . . . . . . 2 . . . . . . . . . . Propulsion 7 | . 1 . . . 1 . 2 1 . . . . . . . 1 1 Utility . | . . . . . . . . . . . . . . . . . . Weapon 11 | . . 1 . . 1 1 2 3 2 . 1 . . . . . . Tool/Special 2 | . . . . . . . . . . . . 1 . . . . 1 Average Slot Usage (%) 79 | . 100 100 100 100 93 99 87 98 99 100 93 91 58 52 30 58 19 Engine 6 | . 14 14 14 14 9 1 6 7 7 7 6 5 2 3 . 3 . Treads 20 | . 28 28 28 28 31 30 28 30 30 30 26 25 13 . . . 2 Leg 2 | . . . . . . . . . . . . . 5 15 . . 3 Device 9 | . 14 14 14 14 9 12 2 6 13 15 20 16 4 6 5 8 . Storage 7 | . 14 14 14 14 9 7 7 7 7 7 6 6 5 5 5 4 . Processor 3 | . . . . . 8 2 2 7 . . . . 2 9 11 8 4 Hackware 4 | . . . . . 8 7 7 15 7 7 6 9 1 . . . . Protection 2 | . . . . . . 7 5 . 6 7 6 4 1 . . . . Energy Gun 1 | . . . . . . . 4 3 . . . . 3 . . . 1 Energy Cannon 1 | . . . . . . . . . . . . . 1 3 . 8 1 Ballistic Gun 11 | . 28 28 28 28 17 22 10 10 15 15 12 11 1 1 4 3 . Impact Weapon 2 | . . . . . . . . 5 7 7 6 6 3 . . . . Peak Build Rating 78 | 7 7 7 8 8 25 36 36 45 50 50 56 54 53 52 47 78 53 Average Rating 33 | 5 7 7 7 8 19 34 30 41 49 50 53 48 37 41 22 63 27 On Entrance 26 | . 7 7 7 8 8 25 36 31 44 50 50 53 32 46 21 47 8 Naked Turns . | . . . . . . . . . . . . . . . . . . Heaviest Build 88 | 15 15 15 50 30 38 46 49 42 53 53 57 57 83 69 71 88 43 Greatest Support 100 | 40 40 40 40 40 80 80 80 100 100 100 100 100 89 81 28 60 30 Greatest Overweight (x) 19 | . . . 1 . . . 1 . . . . . 19 14 14 5 2 Average Overweight (x) . | . . . . . . . . . . . . . . 1 10 . . Largest Inventory Capacity 20 | 8 8 8 20 15 15 15 15 15 15 15 15 15 20 20 20 20 5 Average Capacity 14 | 7 8 8 13 15 15 15 15 15 15 15 15 15 18 20 20 19 5 Most Carried 15 | 5 8 8 7 7 15 15 15 15 15 15 15 15 12 9 7 8 5 Average Carried 10 | 3 7 7 6 7 9 14 14 14 14 15 14 13 8 7 5 5 2 Final Capacity 20 | 8 8 8 15 15 15 15 15 15 15 15 15 15 20 20 20 5 5 Final Carried 15 | 5 8 7 7 7 15 15 14 14 15 15 15 8 8 6 4 5 1 Class Distribution -------------------- 52% | Mutant 15% | Assassin 13% | Scavenger-Mutant 7% | Skirmisher 4% | Tank Dominant Class ---------------- Mutant | -10/Materials Mutant | -10/Mines Mutant | -10/Exiles Mutant | -9/Mines Mutant | -8/Materials Tank | -7/Factory Scavenger-Mutant | -7/Garrison Assassin | -7/Factory Mutant | -7/Lower Caves Mutant | -7/Lower Caves Assassin | -6/Factory Assassin | -6/Garrison Mutant | -5/Factory Scavenger-Mutant | -5/Upper Caves Mutant | -5/Upper Caves Skirmisher | -4/Factory Mutant | -3/Research Resources | -11 -10 -10 -10 -9 -8 -7 -7 -7 -7 -7 -6 -6 -5 -5 -5 -4 -3 ----------- Run | Yrd Mat Min Exi Min Mat Fac Gar Fac Low Low Fac Gar Fac Upp Upp Fac Res Matter Collected 3199 | 378 6 112 . 38 258 80 691 164 119 . 62 134 752 153 32 135 85 Remotely . | . . . . . . . . . . . . . . . . . . Salvage Created 4679 | 275 28 86 . 49 166 109 981 197 59 . 151 378 1453 246 . 431 70 Parts 207 | 25 2 8 . 3 23 6 41 5 1 . 2 17 44 10 . 20 . Haulers Intercepted 3 | . . . . . 1 . . 1 . . . . 1 . . . . Recyclers Shooed 2 | 1 . . . . . . . . . . . . . . . 1 . Parts Field Recycled . | . . . . . . . . . . . . . . . . . . Retrieved Matter . | . . . . . . . . . . . . . . . . . . Parts Self-Destructed 21 | . . . . . . . . . 1 . . . . 20 . . . Prevented . | . . . . . . . . . . . . . . . . . . Kills | -11 -10 -10 -10 -9 -8 -7 -7 -7 -7 -7 -6 -6 -5 -5 -5 -4 -3 ------- Run | Yrd Mat Min Exi Min Mat Fac Gar Fac Low Low Fac Gar Fac Upp Upp Fac Res Combat Hostiles Destroyed 95 | . . 6 . 3 5 4 18 2 1 . 3 9 27 9 . 6 2 Melee 9 | . . . . . . . 5 . . . . 2 2 . . . . Guns 47 | . . 6 . 3 2 4 11 2 1 . 1 2 9 3 . 3 . Cannons 16 | . . . . . . . . . . . . . 7 5 . 2 2 AOE 13 | . . . . . 3 . 1 . . . . 4 5 . . . . Classes Destroyed 14 | 3 1 1 . . 3 . 4 1 . . . . 1 . . . . Worker 4 | 2 . . . . . . . 2 . . . . . . . . . Builder 3 | . . . . . 1 . . 1 . . . . . . . 1 . Tunneler 7 | 7 . . . . . . . . . . . . . . . . . Hauler 3 | . . . . . 1 . . 1 . . . . 1 . . . . Recycler 1 | 1 . . . . . . . . . . . . . . . . . Watcher 4 | . 1 . . . 3 . . . . . . . . . . . . Swarmer 29 | . . 6 . 3 4 4 1 . . . . 2 . 8 . 1 . Grunt 31 | . . . . . . . 8 . . . 2 3 16 1 . 1 . Brawler 3 | . . . . . . . . . . . . . 2 . . 1 . Duelist 1 | . . . . . . . 1 . . . . . . . . . . Sentry 12 | . . . . . 1 . 5 1 1 . . . 4 . . . . Specialist 3 | . . . . . . . 1 . . . . 2 . . . . . Hunter 8 | . . . . . . . 2 . . . 1 . 1 . . 2 2 Programmer 9 | . . . . . . . . 1 . . . 3 4 . . 1 . Best Kill Streak 10 | 6 1 3 . 3 5 2 7 3 1 . 2 6 10 4 . 4 1 Combat Bots Only 10 | . . 3 . 3 4 2 7 1 1 . 2 6 10 4 . 3 1 Max Kills in Single Turn 4 | 2 1 1 . 1 4 1 1 1 1 . 1 1 3 1 . 1 1 Gunslinging . | . . . . . . . . . . . . . . . . . . Exploded 3 | . . . . . 3 . 1 . . . . 1 3 . . . . Melee 1 | . . . . . . . 1 . . . . 1 1 . . . . Uniques/NPCs Destroyed . | . . . . . . . . . . . . . . . . . . Combat | -11 -10 -10 -10 -9 -8 -7 -7 -7 -7 -7 -6 -6 -5 -5 -5 -4 -3 -------- Run | Yrd Mat Min Exi Min Mat Fac Gar Fac Low Low Fac Gar Fac Upp Upp Fac Res Hostile Shots Fired 1400 | . . 24 . 31 10 21 323 64 54 . 14 69 267 108 . 206 209 Missed 455 | . . 5 . 9 5 6 113 23 22 . 6 21 75 39 . 66 65 Hits 945 | . . 19 . 22 5 15 210 41 32 . 8 48 192 69 . 140 144 Melee 10 | . . . . . . . . . . . . . 6 . . 4 . Projectile 935 | . . 19 . 22 5 15 210 41 32 . 8 48 186 69 . 136 144 AOE 2 | . . . . . . . . . . . . . . . . 2 . Critical Strikes 24 | . . . . 1 . . 3 . . . 1 1 11 1 . 6 . Part Disruptions 7 | . . . . . . . . . . . . 3 . . . 4 . Damage Taken 14933 | . . 151 . 178 52 157 2303 544 237 . 127 957 3701 1148 . 2447 2931 Core 3120 | . . 14 . 33 . 18 205 51 16 . . 48 727 114 . 582 1312 Absorbed by Shields 926 | . . . . . . 60 233 . . . 44 134 397 58 . . . Regen/Repaired (Parts) 78 | . . . . . . . . . . . . . . . . 78 . Core Remaining (%) 71 | 100 . . . 81 100 . . . . 58 . 94 . . 15 49 . Volleys Fired 339 | 18 4 14 . 8 18 13 45 7 5 . 6 16 97 39 . 26 23 Largest 3 | 2 2 2 . 2 2 3 3 2 2 . 2 2 3 2 . 2 3 Hottest 239 | 40 40 40 . 40 53 75 108 105 53 . 56 56 157 130 . 123 239 Shots Fired 596 | 36 8 28 . 16 36 39 111 14 10 . 9 24 156 43 2 38 26 Gun 439 | 36 8 28 . 16 34 39 108 14 10 . 6 16 93 9 2 15 5 Cannon 132 | . . . . . . . . . . . . . 54 34 . 23 21 Launcher 20 | . . . . . 2 . 3 . . . . 7 8 . . . . Special 5 | . . . . . . . . . . . 3 1 1 . . . . Kinetic 387 | 36 8 28 . 16 34 39 89 13 10 . 6 16 39 14 2 18 19 Thermal 161 | . . . . . . . 19 1 . . . . 93 29 . 13 6 Explosive 20 | . . . . . 2 . 3 . . . . 7 8 . . . . Electromagnetic 23 | . . . . . . . . . . . . . 15 . . 7 1 Robot Hit Streak 21 | 7 4 7 . 6 7 3 21 8 8 . 4 5 16 4 . 14 3 Robot Miss Streak 9 | 4 1 1 . 2 6 5 4 3 3 . 2 3 4 9 2 8 2 Penetration Max 2 | . . . . . . . 1 . . . . 1 . . . 2 . Secondary Targets 6 | . . . . 2 . 1 2 . . . . 1 . . . . . Max Gunslinging Chain 1 | . . . . 1 . 1 1 . . . . 1 . . . . . Shots Hit Robots 451 | 19 5 18 . 11 23 16 108 16 10 . 9 21 131 24 . 25 15 Core Hits 254 | 11 2 6 . 3 14 6 47 7 3 . 3 16 100 11 1 15 9 Critical Kills 6 | . . . . . . . . . . . . 1 1 1 . 3 . Critical Parts Destroyed 13 | . . . . . . . . 2 . . 1 3 4 . . 3 . Critical Strikes 32 | . . . . . . . 7 2 . . 1 4 8 1 . 6 3 Meltdown 1 | . . . . . . . . . . . . . . 1 . . . Destroy 9 | . . . . . . . . . . . . 1 2 . . 6 . Blast 4 | . . . . . . . . . . . . . 1 . . . 3 Corrupt 2 | . . . . . . . . . . . . . 2 . . . . Smash 9 | . . . . . . . . 2 . . 1 3 3 . . . . Sever 7 | . . . . . . . 7 . . . . . . . . . . Melee Attacks 89 | . . . . . . . 34 11 1 . 3 20 20 . . . . Impact 53 | . . . . . . . . 9 1 . 3 20 20 . . . . Slashing 36 | . . . . . . . 34 2 . . . . . . . . . Piercing . | . . . . . . . . . . . . . . . . . . Sneak Attacks 7 | . . . . . . . . 4 . . . 1 2 . . . . Combat Hostiles 2 | . . . . . . . . . . . . . 2 . . . . Follow-up Attacks . | . . . . . . . . . . . . . . . . . . Damage Inflicted 13684 | 284 64 245 . 167 548 292 2944 649 237 . 222 1182 4746 775 11 776 542 Guns 5807 | 284 64 245 . 167 329 292 1605 230 192 . 66 183 1847 126 11 106 60 Cannons 2878 | . . . . . . . . . . . . . 1112 649 . 659 458 Explosions 2089 | . . . . . 187 . 338 . . . . 562 1002 . . . . Melee 2820 | . . . . . . . 994 419 45 . 156 437 769 . . . . Ramming 90 | . . . . . 32 . 7 . . . . . 16 . . 11 24 Kinetic 4680 | 284 64 245 . 167 329 292 1208 220 192 . 66 183 816 126 11 158 319 Thermal 3579 | . . . . . . . 397 10 . . . . 1914 649 . 410 199 Explosive 2089 | . . . . . 187 . 338 . . . . 562 1002 . . . . Electromagnetic 426 | . . . . . . . . . . . . . 229 . . 197 . Impact 1664 | . . . . . . . . 257 45 . 156 437 769 . . . . Slashing 1156 | . . . . . . . 994 162 . . . . . . . . . Piercing . | . . . . . . . . . . . . . . . . . . Highest Corruption 25 | . . . . . . . 3 5 5 5 . 9 18 25 25 10 . Average Corruption 10 | . . . . . . . 3 4 5 5 . 5 13 23 25 3 . Corruption Purged . | . . . . . . . . . . . . . . . . . . Corruption Blocked . | . . . . . . . . . . . . . . . . . . Effects 169 | . . . . . . . 17 18 25 1 . 7 34 47 11 9 . Message Errors 40 | . . . . . . . 4 8 4 . . 3 8 9 3 1 . Matter Fused 45 | . . . . . . . 7 2 7 1 . 4 5 14 3 2 . Heat Flow Errors 15 | . . . . . . . 1 2 1 . . . 3 4 1 3 . Energy Discharges 20 | . . . . . . . 1 . 4 . . . 6 6 2 1 . Parts Rejected 1 | . . . . . . . . . . . . . 1 . . . . Parts Fused 4 | . . . . . . . . 1 2 . . . 1 . . . . Data Loss (minor) 17 | . . . . . . . 1 1 5 . . . 1 8 . 1 . Data Loss (major) 8 | . . . . . . . 3 1 1 . . . 2 1 . . . Misfires 7 | . . . . . . . . 3 . . . . 1 1 2 . . Alerts 5 | . . . . . . . . . 1 . . . 2 2 . . . Misdirections 5 | . . . . . . . . . . . . . 3 1 . 1 . Weapon Failures 2 | . . . . . . . . . . . . . 1 1 . . . Overload Shots . | . . . . . . . . . . . . . . . . . . Overflow Damage 690 | . . . . . . . 8 217 . . 96 180 113 24 . 11 41 Projectiles 76 | . . . . . . . . . . . . . . 24 . 11 41 Explosions . | . . . . . . . . . . . . . . . . . . Melee 614 | . . . . . . . 8 217 . . 96 180 113 . . . . Knockbacks 15 | . . . . . . . . 2 . . . 1 5 . . 1 6 Impact 4 | . . . . . . . . 2 . . . 1 1 . . . . Kinetic 11 | . . . . . . . . . . . . . 4 . . 1 6 Secondary . | . . . . . . . . . . . . . . . . . . Self-Inflicted Damage 48 | . . . . . . . . . . . . . 43 . . 5 . Shots 2 | . . . . . . . . . . . . . 2 . . . . Rammed 9 | . . . . . 2 . 1 . . . . . . . . 1 5 Targets Rammed 15 | . . . . . 4 . 1 . . . . . 2 . . 1 7 Kicked 4 | . . . . . . . . . . . . . 2 . . . 2 Crushed 2 | . . . . . 2 . . . . . . . . . . . . Highest Temperature 348 | . . . . . 8 242 269 192 96 . . 9 348 264 107 203 99 Average Temperature 86 | . . . . . 7 115 67 74 33 . . 5 98 94 67 80 33 Received Heat Transfer 2517 | . . . . 6 9 . 762 78 66 . 24 106 1062 69 . 317 18 Effects 1 | . . . . . . . . . . . . . 1 . . . . Energy Bleed 1 | . . . . . . . . . . . . . 1 . . . . Siege Activations . | . . . . . . . . . . . . . . . . . . Martial Activations . | . . . . . . . . . . . . . . . . . . Shielding Activations . | . . . . . . . . . . . . . . . . . . Robots Disrupted 1 | . . . . . . . . . . . . . . . . 1 . Combat Hostiles 1 | . . . . . . . . . . . . . . . . 1 . Robots Corrupted 7 | . . . . . . . . 1 . . 2 1 2 . . 1 . Combat Hostiles 6 | . . . . . . . . . . . 2 1 2 . . 1 . Parts Fried 11 | . . . . . . . . 3 . . 3 2 2 . . 1 . Impact Corruptions 20 | . . . . . . . . 6 . . 3 5 6 . . . . Robots Melted 4 | . . . . . . . 1 . . . . . 2 1 . . . Combat Hostiles 4 | . . . . . . . 1 . . . . . 2 1 . . . Parts Melted 8 | . . . . . . . 4 . . . . 1 1 2 . . . Heat Transferred 5309 | . . . . . . . 900 25 . . . . 3089 666 . 444 185 Parts Sabotaged . | . . . . . . . . . . . . . . . . . . Parts Stolen . | . . . . . . . . . . . . . . . . . . Parts Stripped . | . . . . . . . . . . . . . . . . . . Power Chain Reactions . | . . . . . . . . . . . . . . . . . . Alert | -11 -10 -10 -10 -9 -8 -7 -7 -7 -7 -7 -6 -6 -5 -5 -5 -4 -3 ------- Run | Yrd Mat Min Exi Min Mat Fac Gar Fac Low Low Fac Gar Fac Upp Upp Fac Res Maximum Alert Level 2 | . . . . . 1 . 2 1 . . . . 1 . . . . Low Security (%) 77 | 100 100 100 . 100 87 100 16 85 . . 100 100 48 . . 100 100 Level 1 20 | . . . . . 12 . 73 14 . . . . 51 . . . . Level 2 1 | . . . . . . . 9 . . . . . . . . . . Level 3 . | . . . . . . . . . . . . . . . . . . Level 4 . | . . . . . . . . . . . . . . . . . . Level 5 . | . . . . . . . . . . . . . . . . . . High Security . | . . . . . . . . . . . . . . . . . . Max Security . | . . . . . . . . . . . . . . . . . . Peak Influence 471 | 10 30 70 . 60 232 117 471 247 . . 120 182 324 . . 78 30 Initial 247 | . . 3 . . 11 7 28 247 . . . . 90 . . . 7 Average 96 | 1 2 18 . 37 94 40 276 114 . . 42 83 155 . . 11 4 Influence Increases 3427 | 50 43 140 . 70 348 167 563 110 20 . 172 302 851 275 . 194 122 Destroy 0b10 Robot/C 2020 | . . 120 . 60 220 80 360 40 20 . 60 180 540 180 . 120 40 Destroy 0b10 Robot/NC 125 | 50 5 . . . 35 . 5 20 . . . . 5 . . 5 . Destroy Leader 334 | . 2 20 . 10 38 10 40 22 . . 20 10 112 20 . 20 10 Allied During Kill 36 | . . . . . 33 . . . . . 2 1 . . . . . Successful Hack 36 | . 6 . . . 5 . 12 13 . . . . . . . . . Disable Machine 90 | . . . . . . . . . . . . . 90 . . . . Anti-Garrison Action 200 | . . . . . . . 100 . . . . 100 . . . . . Destroy Structure 166 | . . . . . 17 2 46 . . . . 11 74 . . 4 12 Lose Combat Pursuer 420 | . 30 . . . . 75 . 15 . . 90 . 30 75 . 45 60 Influence Decreases 3398 | 50 33 150 . 40 360 144 133 581 20 . 172 130 791 503 4 179 108 Entered New Map 453 | . . 7 . . 19 11 13 224 . . . . 82 87 2 . 8 Time Decay 2186 | 50 33 143 . 40 281 133 . 347 20 . 152 . 470 356 2 90 69 Lost Part 639 | . . . . . . . 120 10 . . . 90 239 60 . 89 31 Lost Ally 120 | . . . . . 60 . . . . . 20 40 . . . . . Squads Dispatched 21 | . . . . . 1 1 . 3 . . 2 . 10 . . 3 1 Investigation 1 | . . . . . . . . . . . . . 1 . . . . Extermination 7 | . . . . . . 1 . 2 . . . . 2 . . 1 1 Reinforcement 8 | . . . . . 1 . . 1 . . 2 . 2 . . 2 . Assault 2 | . . . . . . . . . . . . . 2 . . . . Garrison 3 | . . . . . . . . . . . . . 3 . . . . Intercept . | . . . . . . . . . . . . . . . . . . Searches Triggered . | . . . . . . . . . . . . . . . . . . Construction Impeded 2 | . . . . . . . . . . . . . 1 . . 1 . Haulers Reinforced 1 | . . . . . . . . . . . . . 1 . . . . Active Scanning Responses . | . . . . . . . . . . . . . . . . . . Cargo Convoy Interrupts . | . . . . . . . . . . . . . . . . . . Stealth | -11 -10 -10 -10 -9 -8 -7 -7 -7 -7 -7 -6 -6 -5 -5 -5 -4 -3 --------- Run | Yrd Mat Min Exi Min Mat Fac Gar Fac Low Low Fac Gar Fac Upp Upp Fac Res Distress Signals 8 | . 1 . . . 2 . . 1 . . . . . . . 3 1 Communications Jammed . | . . . . . . . . . . . . . . . . . . Distress Signals . | . . . . . . . . . . . . . . . . . . Times Spotted 192 | . 4 6 . 6 18 9 20 9 1 . 11 11 46 17 . 19 15 Peak Tracking Total 10 | . 4 3 . 3 5 4 9 4 1 . 3 7 6 5 . 10 7 Tactical Retreats 16 | . 1 . . . . 2 . 1 . . 3 . 2 2 . 2 3 Traps | -11 -10 -10 -10 -9 -8 -7 -7 -7 -7 -7 -6 -6 -5 -5 -5 -4 -3 ------- Run | Yrd Mat Min Exi Min Mat Fac Gar Fac Low Low Fac Gar Fac Upp Upp Fac Res Traps Triggered 4 | . . . . . . . . 2 . . . 1 . . . 1 . Indirectly . | . . . . . . . . . . . . . . . . . . Trap Hack Attempts . | . . . . . . . . . . . . . . . . . . Triggered . | . . . . . . . . . . . . . . . . . . Disarmed . | . . . . . . . . . . . . . . . . . . Reprogrammed . | . . . . . . . . . . . . . . . . . . Reused . | . . . . . . . . . . . . . . . . . . Traps Extracted . | . . . . . . . . . . . . . . . . . . Installed . | . . . . . . . . . . . . . . . . . . Triggered . | . . . . . . . . . . . . . . . . . . Machines | -11 -10 -10 -10 -9 -8 -7 -7 -7 -7 -7 -6 -6 -5 -5 -5 -4 -3 ---------- Run | Yrd Mat Min Exi Min Mat Fac Gar Fac Low Low Fac Gar Fac Upp Upp Fac Res Machines Disabled 10 | . . . . . . . 1 . . . . 3 6 . . . . Max in Single Turn 1 | . . . . . . . 1 . . . . 1 1 . . . . Garrison Access 1 | . . . . . . . . . . . . . 1 . . . . Garrison Relay 3 | . . . . . . . 1 . . . . 2 . . . . . Machines Repaired . | . . . . . . . . . . . . . . . . . . Machines Dismantled . | . . . . . . . . . . . . . . . . . . Machines Sabotaged . | . . . . . . . . . . . . . . . . . . Overloaded Fab Kills . | . . . . . . . . . . . . . . . . . . Hacking | -11 -10 -10 -10 -9 -8 -7 -7 -7 -7 -7 -6 -6 -5 -5 -5 -4 -3 --------- Run | Yrd Mat Min Exi Min Mat Fac Gar Fac Low Low Fac Gar Fac Upp Upp Fac Res Machines Accessed 26 | . 2 1 1 . 3 2 1 4 1 . 1 1 3 2 . 2 2 Terminals 16 | . 2 . . . 3 1 1 4 . . . 1 2 . . . 2 Fabricators 1 | . . . . . . . . . . . . . 1 . . . . Repair Stations 2 | . . . . . . . . . . . . . . . . 2 . Recycling Units . | . . . . . . . . . . . . . . . . . . Scanalyzers . | . . . . . . . . . . . . . . . . . . Garrison Access 2 | . . . . . . 1 . . . . 1 . . . . . . Total Hacks 49 | . 4 1 1 . 6 3 2 10 1 . 1 1 6 5 . 6 2 Successful 24 | . 2 1 1 . 3 1 1 4 1 . 1 . 1 5 . 2 1 Failed 25 | . 2 . . . 3 2 1 6 . . . 1 5 . . 4 1 Catastrophic 6 | . . . . . . . 1 2 . . . . 3 . . . . Database Lockouts . | . . . . . . . . . . . . . . . . . . Manual 26 | . 5 . 1 . 7 1 . 9 . . . . 2 . . . 1 Terminals 29 | . 4 . . . 6 1 2 10 . . . 1 3 . . . 2 Fabricators 3 | . . . . . . . . . . . . . 3 . . . . Repair Stations 6 | . . . . . . . . . . . . . . . . 6 . Recycling Units . | . . . . . . . . . . . . . . . . . . Scanalyzers . | . . . . . . . . . . . . . . . . . . Garrison Access 3 | . . . . . . 2 . . . . 1 . . . . . . Terminal Hacks 18 | . 2 1 1 . 2 . 1 4 1 . . . . 5 . . 1 Record 4 | . . . . . . . . . . . . . . 4 . . . Part Schematic 2 | . . . . . 1 . . 1 . . . . . . . . . Robot Analysis 5 | . 2 . . . 1 . . 2 . . . . . . . . . Open Door 3 | . . 1 . . . . . . 1 . . . . 1 . . . Open DSF 1 | . . . . . . . . . . . . . . . . . 1 Recall Investigation 1 | . . . . . . . . 1 . . . . . . . . . Garrison Registry 1 | . . . . . . . 1 . . . . . . . . . . Proto ID Catalog 1 | . . . 1 . . . . . . . . . . . . . . Fabricator Hacks 1 | . . . . . . . . . . . . . 1 . . . . Load Schematic 1 | . . . . . . . . . . . . . 1 . . . . Repair Station Hacks 2 | . . . . . . . . . . . . . . . . 2 . Scan Component 1 | . . . . . . . . . . . . . . . . 1 . Repair 1 | . . . . . . . . . . . . . . . . 1 . Recycling Unit Hacks . | . . . . . . . . . . . . . . . . . . Scanalyzer . | . . . . . . . . . . . . . . . . . . Garrison Access Hacks 2 | . . . . . . 1 . . . . 1 . . . . . . Unlock Access 2 | . . . . . . 1 . . . . 1 . . . . . . Unauthorized Hacks 1 | . . . . . 1 . . . . . . . . . . . . Terminals 1 | . . . . . 1 . . . . . . . . . . . . Assimilate 1 | . . . . . 1 . . . . . . . . . . . . Fabricators . | . . . . . . . . . . . . . . . . . . Repair Stations . | . . . . . . . . . . . . . . . . . . Recycling Units . | . . . . . . . . . . . . . . . . . . Scanalyzers . | . . . . . . . . . . . . . . . . . . Garrison Access . | . . . . . . . . . . . . . . . . . . Data Cores Recovered . | . . . . . . . . . . . . . . . . . . Used . | . . . . . . . . . . . . . . . . . . Hacking Detections 16 | . 2 . . . 2 1 1 3 . . 1 1 3 . . 1 1 Full Trace Events 2 | . . . . . . . 1 . . . . . 1 . . . . Feedback Events . | . . . . . . . . . . . . . . . . . . Feedback Blocked . | . . . . . . . . . . . . . . . . . . Robot Schematics Acquired . | . . . . . . . . . . . . . . . . . . Robots Built . | . . . . . . . . . . . . . . . . . . Authchips . | . . . . . . . . . . . . . . . . . . Time . | . . . . . . . . . . . . . . . . . . Total Robot Build Rating . | . . . . . . . . . . . . . . . . . . Part Schematics Acquired 2 | . . . . . 1 . . 1 . . . . . . . . . Parts Built . | . . . . . . . . . . . . . . . . . . Authchips . | . . . . . . . . . . . . . . . . . . Time . | . . . . . . . . . . . . . . . . . . Total Part Build Rating . | . . . . . . . . . . . . . . . . . . Parts Repaired 1 | . . . . . . . . . . . . . . . . 1 . Time 44 | . . . . . . . . . . . . . . . . 44 . Parts Recycled . | . . . . . . . . . . . . . . . . . . Recycled Matter . | . . . . . . . . . . . . . . . . . . Retrieved Matter . | . . . . . . . . . . . . . . . . . . Retrieved Components . | . . . . . . . . . . . . . . . . . . Parts Scanalyzed . | . . . . . . . . . . . . . . . . . . Part Schematics Acquired . | . . . . . . . . . . . . . . . . . . Parts Damaged . | . . . . . . . . . . . . . . . . . . Bothacking | -11 -10 -10 -10 -9 -8 -7 -7 -7 -7 -7 -6 -6 -5 -5 -5 -4 -3 ------------ Run | Yrd Mat Min Exi Min Mat Fac Gar Fac Low Low Fac Gar Fac Upp Upp Fac Res Used RIF Installer 2 | . . . . . . . 1 . . . . 1 . . . . . Patrol Navigation 1 | . . . . . . . . . . . . 1 . . . . . Robots Hacked 5 | . . . . . . . . . . . 3 1 1 . . . . Non-combat . | . . . . . . . . . . . . . . . . . . Combat 5 | . . . . . . . . . . . 3 1 1 . . . . Robot Hacks Applied 5 | . . . . . . . . . . . 3 1 1 . . . . amplify_resonance 3 | . . . . . . . . . . . 1 1 1 . . . . formatsys_high 2 | . . . . . . . . . . . 2 . . . . . . Relay Couplers Released 15 | . . . . . . . 5 . . . . 8 2 . . . . Machine Destruction 15 | . . . . . . . 5 . . . . 8 2 . . . . Attached 3 | . . . . . . . 1 . . . 1 1 . . . . . Fabnet Peak Effective % . | . . . . . . . . . . . . . . . . . . Robots Rewired 3 | . . . . . . . . . . . . 3 . . . . . Allies Hacked . | . . . . . . . . . . . . . . . . . . Hacks Repelled . | . . . . . . . . . . . . . . . . . . Allies | -11 -10 -10 -10 -9 -8 -7 -7 -7 -7 -7 -6 -6 -5 -5 -5 -4 -3 -------- Run | Yrd Mat Min Exi Min Mat Fac Gar Fac Low Low Fac Gar Fac Upp Upp Fac Res Total Allies 9 | . . . . 3 1 . . . . . 2 3 . . . . . Largest Group 3 | . . . . 3 3 1 . . . . 2 3 . . . . . Highest-Rated Group 58 | . . . . 40 40 10 . . . . 58 36 . . . . . Highest-Rated Ally 29 | . . . . 16 16 10 . . . . 29 12 . . . . . Total Orders . | . . . . . . . . . . . . . . . . . . Ally Attacks 51 | . . . . 4 38 . . . . . 7 2 . . . . . Total Damage 499 | . . . . 44 323 . . . . . 98 34 . . . . . Kills 8 | . . . . . 8 . . . . . . . . . . . . Allies Corrupted . | . . . . . . . . . . . . . . . . . . Allies Melted . | . . . . . . . . . . . . . . . . . . Intel | -11 -10 -10 -10 -9 -8 -7 -7 -7 -7 -7 -6 -6 -5 -5 -5 -4 -3 ------- Run | Yrd Mat Min Exi Min Mat Fac Gar Fac Low Low Fac Gar Fac Upp Upp Fac Res Active Infowar (turns) 6184 | 93 347 614 587 80 791 534 210 796 893 32 436 405 34 . . 332 . Sensors 2894 | . . . . . . . . 796 893 32 436 405 . . . 332 . IFF 23 | . . . . . . . . . . . . . 23 . . . . Seismic 3256 | 93 347 614 587 80 791 534 210 . . . . . . . . . . Cloaking 3 | . . . . . 1 . . . . . . . 2 . . . . Jamming 9 | . . . . . . . . . . . . . 9 . . . . Robot Analysis Total 5 | . 2 . . . 1 . . 2 . . . . . . . . . Derelict Logs Recovered 6 | . . 3 . 1 . . . . . . . . . 2 . . . Drone Launches . | . . . . . . . . . . . . . . . . . . Drone Recoveries . | . . . . . . . . . . . . . . . . . . Exploration | -11 -10 -10 -10 -9 -8 -7 -7 -7 -7 -7 -6 -6 -5 -5 -5 -4 -3 ------------- Run | Yrd Mat Min Exi Min Mat Fac Gar Fac Low Low Fac Gar Fac Upp Upp Fac Res Turns Passed 10747 | 295 347 614 587 80 791 534 1070 820 905 32 436 540 1252 1011 229 652 552 Spaces Moved 5425 | 149 207 349 310 36 424 266 484 467 562 22 170 241 470 520 38 371 339 Core 199 | 11 . . . . . . . . . . . . 5 29 28 30 96 Treads 4129 | 138 207 349 310 36 424 266 484 467 562 22 170 241 285 . . . 168 Legs 746 | . . . . . . . . . . . . . 180 491 . . 75 Wheels 349 | . . . . . . . . . . . . . . . 10 339 . Hover . | . . . . . . . . . . . . . . . . . . Flight 2 | . . . . . . . . . . . . . . . . 2 . Fastest Speed 50 | 50 160 160 160 160 160 162 160 152 152 152 152 148 120 120 115 50 50 Average Speed 158 | 151 160 160 188 160 162 162 160 154 152 152 152 151 162 173 585 107 120 Slowest Speed 1000 | 160 160 160 240 160 163 162 240 160 152 152 152 152 1000 750 750 440 225 Overloaded Moves . | . . . . . . . . . . . . . . . . . . Propulsion Burnouts . | . . . . . . . . . . . . . . . . . . Robots Hopped . | . . . . . . . . . . . . . . . . . . Potential Cave-ins 5 | . . . . . . . . . . . . 5 . . . . . Cave-ins Triggered 2 | . . . . . . . 1 . . . . 1 . . . . . Exploration Rate (%) 27 | 10 33 72 69 15 32 6 60 14 69 5 5 26 10 54 7 7 7 Regions Visited 17 Branch Regions 7 Pre-discovered Areas 2 | . . 1 . 1 . . . . . . . . . . . . . Known Exits Taken 6 | . . . . . 1 1 . . . . 1 . . 1 1 1 . Unknown Exits Taken 9 | 1 1 1 1 1 . . . 1 1 1 . . 1 . . . . Scrap Searched 7 | . . 1 . . . . . . 5 . . . . . 1 . . Spaces Dug 7 | . . . . . . . . . . . . 7 . . . . . Terrain Destroyed 136 | . . . . . 16 . 16 . . . . 27 55 14 . 2 6 Melee 5 | . . . . . . . . . . . . 5 . . . . . Projectile 36 | . . . . . . . . . . . . 3 11 14 . 2 6 AOE 95 | . . . . . 16 . 16 . . . . 19 44 . . . . Terrain Rammed . | . . . . . . . . . . . . . . . . . . Walls Destroyed . | . . . . . . . . . . . . . . . . . . Machines Disabled . | . . . . . . . . . . . . . . . . . . Actions | -11 -10 -10 -10 -9 -8 -7 -7 -7 -7 -7 -6 -6 -5 -5 -5 -4 -3 --------- Run | Yrd Mat Min Exi Min Mat Fac Gar Fac Low Low Fac Gar Fac Upp Upp Fac Res Total 6906 | 178 215 377 313 43 490 358 655 541 601 21 333 356 759 590 44 583 449 Wait 705 | . . 11 . . 19 68 47 25 22 . 140 10 120 24 . 159 60 Move 5406 | 148 206 348 309 35 423 265 482 466 561 21 169 239 469 519 37 370 339 Hop . | . . . . . . . . . . . . . . . . . . Pick Up 73 | 5 4 1 1 . 11 3 13 10 3 . 4 1 8 2 1 4 2 Fast Attach 59 | 7 . . . . 3 1 5 1 3 . . 1 15 2 2 12 7 Attach 52 | . . . . . 2 2 7 3 . . 2 5 15 4 3 2 7 Detach 4 | . . . . . 1 . . . . . . . 1 . . . 2 Swap 40 | . . 1 2 . 5 2 8 5 1 . 5 4 6 . . 1 . Drop 62 | . 1 2 1 . 4 4 13 13 5 . 2 2 4 . 1 8 2 Fire 339 | 18 4 14 . 8 18 13 45 7 5 . 6 16 97 39 . 26 23 Melee 89 | . . . . . . . 34 11 1 . 3 20 20 . . . . Ram 4 | . . . . . . . . . . . . . 2 . . 1 1 Kick 4 | . . . . . . . . . . . . . 2 . . . 2 Crush 9 | . . . . . 4 . 1 . . . . . . . . . 4 Escape Stasis . | . . . . . . . . . . . . . . . . . . Rewire 60 | . . . . . . . . . . . 2 58 . . . . . Trap . | . . . . . . . . . . . . . . . . . . Miscellaneous . | . . . . . . . . . . . . . . . . . . Route ------- -11/Scrapyard -10/Materials -10/Mines (discovered 3 exits: [*Mat x2] / *Exi) -10/Exiles -9/Mines -8/Materials -7/Factory -7/Garrison (discovered 3 exits: *Fac x3) -7/Factory -7/Lower Caves -7/Lower Caves -6/Factory -6/Garrison -5/Factory -5/Upper Caves -5/Upper Caves -4/Factory (discovered 3 exits: *Res x2 / Upp) -3/Research (discovered 1 exit: [*Arm]) History --------- Turn | Location | Event 37 | -11/Scrapyard | Discovered new exit (range 15) 296 | -11/Scrapyard | Entered Materials 316 | -10/Materials | Build established: Mutant 483 | -10/Materials | Discovered new exit (range 13) 643 | -10/Materials | Entered Mines 708 | -10/Mines | Found the Drone Emporium 771 | -10/Mines | Learned Materials trap positions 813 | -10/Mines | Found a damaged Exp. Sensor Array with a note attached 842 | -10/Mines | Learned 2 Materials zone layouts 868 | -10/Mines | Discovered new exit (range 14) 959 | -10/Mines | Discovered new exit (range 9) 967 | -10/Mines | Learned location of Zion (-6) 976 | -10/Mines | Received a Rocket Launcher from a helpful Derelict 1249 | -10/Mines | Deemed a non-threat by the Exiles lab entrance 1250 | -10/Mines | Discovered new exit (range 5) 1257 | -10/Mines | Entered Exiles 1296 | -10/Exiles | Met 8R-AWN 1323 | -10/Exiles | Met EX-HEX 1382 | -10/Exiles | Met EX-DEC 1445 | -10/Exiles | Met EX-BIN 1469 | -10/Exiles | Aligned with FarCom system 1470 | -10/Exiles | Given EX-Vault access code 1509 | -10/Exiles | Opened EX-Vault 1582 | -10/Exiles | Found Cloak of Protection 1631 | -10/Exiles | Warned to stay clear of 0b10 Research branches 1831 | -10/Exiles | Discovered new exit (range 10) 1844 | -10/Exiles | Left Exiles lab with Cloak of Protection 1844 | -10/Exiles | Entered Mines 1876 | -9/Mines | Assisted by bots powering up and referring to "LRC-V3" 1905 | -9/Mines | Discovered new exit (range 5) 1924 | -9/Mines | Entered Materials 1924 | -8/Materials | Accompanied by 3 allies 1924 | -8/Materials | Evolved 4 slots: Propulsion x2, Utility x2 1926 | -8/Materials | Loaded intel: 23 trap records 2319 | -8/Materials | Lost 3 allies 2695 | -8/Materials | Discovered new exit (range 9) 2713 | -8/Materials | Identified exit to Factory 2715 | -8/Materials | Entered Factory 2715 | -7/Factory | Accompanied by 1 ally 2715 | -7/Factory | Evolved 2 slots: Utility x1, Weapon x1 3203 | -7/Factory | Build established: Tank 3248 | -7/Factory | Identified exit to Garrison 3249 | -7/Factory | Entered Garrison 3313 | -7/Garrison | Triggered checkpoint 3391 | -7/Garrison | Triggered checkpoint 3434 | -7/Garrison | Crushed by falling debris 3444 | -7/Garrison | Destroyed 7 combat bots 3490 | -7/Garrison | Lost 8 parts (3n3u2w) 3698 | -7/Garrison | Discovered new exit (range 12) 3708 | -7/Garrison | Discovered new exit (range 13) 3708 | -7/Garrison | Discovered new exit (range 93) 3708 | -7/Garrison | Discovered new exit (range 65) 3742 | -7/Garrison | Build established: Scavenger-Mutant 3861 | -7/Garrison | Lost 3 parts (3n) 4021 | -7/Garrison | Triggered checkpoint 4175 | -7/Garrison | Installed Relay Interface Framework 4203 | -7/Garrison | Triggered checkpoint 4253 | -7/Garrison | Garrison Relay disabled 4319 | -7/Garrison | Entered Factory 4640 | -7/Factory | Build established: Assassin 4757 | -7/Factory | Discovered new exit (range 14) 5139 | -7/Factory | Entered Lower Caves 5350 | -7/Lower Caves | Entered a destroyed Warlord outpost 5388 | -7/Lower Caves | Attracted the attention of an 0b10 checkpoint 5432 | -7/Lower Caves | Build established: Mutant 5856 | -7/Lower Caves | Encountered a Warlord checkpoint 6033 | -7/Lower Caves | Discovered new exit (range 7) 6044 | -7/Lower Caves | Entered another Lower Caves area 6055 | -7/Lower Caves | Discovered new exit (range 11) 6076 | -7/Lower Caves | Entered Factory 6076 | -6/Factory | Evolved 2 slots: Utility x2 6373 | -6/Factory | Build established: Assassin 6499 | -6/Factory | Identified exit to Garrison 6512 | -6/Factory | Entered Garrison 6570 | -6/Garrison | Triggered checkpoint 6604 | -6/Garrison | Expanded RIF knowledge: Patrol Navigation 6617 | -6/Garrison | Garrison Relay disabled 6888 | -6/Garrison | Crushed by falling debris 6934 | -6/Garrison | Garrison Relay disabled 6942 | -6/Garrison | Lost 3 allies 6984 | -6/Garrison | Lost 9 parts (2p3n4u) 7040 | -6/Garrison | Discovered new exit (range 8) 7052 | -6/Garrison | Entered Factory 7052 | -5/Factory | Evolved 2 slots: Utility x1, Weapon x1 7169 | -5/Factory | Garrison activated, responded to threat 7618 | -5/Factory | Lost 3 parts (2n1u) 7664 | -5/Factory | System corruption reached 10% 7676 | -5/Factory | Destroyed 10 combat bots 7702 | -5/Factory | Lost 4 parts (1p1n1u1w) 7899 | -5/Factory | Lost 6 parts (3n1u2w) 7950 | -5/Factory | Core integrity fell below 50% 8001 | -5/Factory | Lost 6 parts (1p5w) 8274 | -5/Factory | Discovered new exit (range 16) 8304 | -5/Factory | Entered Upper Caves 8332 | -5/Upper Caves | Entered an active Warlord outpost 8452 | -5/Upper Caves | Build established: Mutant 8504 | -5/Upper Caves | Learned location of 1 exit from Factory 8506 | -5/Upper Caves | Identified exit to Upper Caves 8863 | -5/Upper Caves | Build established: Scavenger-Mutant 9095 | -5/Upper Caves | Core integrity fell below 20% 9121 | -5/Upper Caves | Lost 5 parts (1p3n1w) 9315 | -5/Upper Caves | Entered another Upper Caves area 9316 | -5/Upper Caves | Encountered a Warlord checkpoint 9316 | -5/Upper Caves | Identified exit to Factory 9371 | -5/Upper Caves | Build established: Mutant 9544 | -5/Upper Caves | Entered Factory 9544 | -4/Factory | Evolved 2 slots: Utility x2 9545 | -4/Factory | Identified exit to Research 9546 | -4/Factory | Identified exit to Upper Caves 9733 | -4/Factory | Repaired Imp. Deuterium Engine 10058 | -4/Factory | Lost 4 parts (3u1w) 10156 | -4/Factory | Lost 5 parts (1p1n3w) 10162 | -4/Factory | System corruption reached 10% 10184 | -4/Factory | Core integrity fell below 50% 10194 | -4/Factory | Discovered exit to Research (range 4) 10196 | -4/Factory | Entered Research 10196 | -3/Research | Evolved 2 slots: Propulsion x1, Utility x1 10211 | -3/Research | Lost 4 parts (1p2n1w) 10599 | -3/Research | Lost 7 parts (2n1u4w) 10708 | -3/Research | Core integrity fell below 50% 10731 | -3/Research | Lost 4 parts (1n3w) 10738 | -3/Research | Core integrity fell below 20% 10746 | -3/Research | Discovered new exit (range 16) 10748 | -3/Research | Destroyed by H-71 Marshal with Heavy Mass Driver Last Messages --------------- 10679_ Enh. Gauss Cannon destroyed. 10684_ Slug penetrates S-43 Plague. 10685_ S-43 Plague destroyed. 10686_ Slug penetrates S-43 Plague. 10686_ Slug penetrates Wall. 10687_ Coil Gun destroyed. 10688_ Acquired 5 matter. 10691_ Kicked S-43 Plague. 10692_ Kicked S-43 Plague out of the way. 10694_ K-01 Serf collects debris. 10700_ Myomer Leg destroyed. 10701_ Slammed into S-43 Plague. 10724_ Connecting with DSF Access... 10734_ Penetrated by Slug. 10734_ Slug penetrates Door. 10737_ Penetrated by Slug. 10744_ ALERT: Potential suspicious activity detected, Programmers report to Research Zone 6M. 10746_ EXIT=FOUND 10748_ Penetrated by Slug. Map ----- +----------------------------------------------------+ | ????????# #??????????????????????????????????????? | | ????????# #??????????????????????????????????????? | | ????????# #??????????????????????????????????????? | | ????????# #??????????????????????????????????????? | | ????????# #??????????????????????????????????????? | | ????????# #??????????????????????????????????????? | | ????????# #??????????????????????????????????????? | | ????????# #########??????????????????????????????? | | ????????# ## #??????????????????????????????? | | ???????## ## #??????????????????????????????? | | ######## # #??????????????????????????????? | | T + #??????????????????????????????? | | ###### # #??????????????????????????????? | | #????## ## #??????????????????????????????? | | #?????# #########??????????????????????????????? | | ????????# #??????????????????????????????????????? | | ?????####+###????????????????????????????????????? | | ?????# ########?????????????????????????????? | | ?????# ! # T #?????????????????????????????? | | ###### # #?????????????????????????????? | | + # #?????????????????????????????? | | ###### # #?????????????????????????????? | | ?????# # #?????????????????????????????? | | #############? ??????????????????????????????? | | * ############+#########+#######???????????????? | | @ t #?????????? | | sss H!< ????????? | | % Y #?????????? | | ############################## #?????????? | | #####????????????????????????????????###?????????? | | ?????????????????????????????????????????????????? | | ?????????????????????????????????????????????????? | | | | | | | | | | | | | | | | | | | | | | | | | | | | | | | | | | | | | +----------------------------------------------------+ Best States ------------- Heat Dissipation 46 Energy Generation 21 Energy Capacity 315 Matter Stores 300 Matter Capacity 300 Sight Range 16 Robot Scan Range 16 Terrain Scan Density 10 Jamming Range 12 Armor Coverage 225 Resistance: EX 50 Evasion (%) 70 Targeting Accuracy 5 Target Analysis 9 Recoil Reduction 6 Matter Filtering 50 Kinecelleration 30 Offensive Hacking 10 Relay Coupler Types 2 Relay Coupler Value 49 Item Schematics ----------------- Arm. Treads | -8/Materials | Hacked Med. Treads | -7/Factory | Hacked Robot Schematics ------------------ None Fabricated ------------ Nothing Repaired ---------- Imp. Deuterium Engine | 2% | -4/Factory Alien Tech Used ----------------- None Achievements -------------- None Challenges ------------ None Game ------ Seed AssembledPortableNullifier Manual? 0 Play Time 01:14:03 Cumulative 73.8 hours Start 2025.05.04 @ 00:52:17 End 2025.05.04 @ 02:06:57 Sessions 1 Manual Loads 0 Difficulty Rogue Special Mode None Game No. 195 Rogue 195 Adventurer 0 Explorer 0 Win Type - Total 0 Types 0/0/0/0/0/0/0/0/0/0 Lore% 26 Gallery% 41 Achievement% 34 Wizard Run 0 Options --------- Layout 0 ASCII 0 Keyboard 0 Movement Numpad Keybinds 0 Fullscreen 2 Font 18/Terminus Map View 76x50 Zoom Use 0% Tactical HUD 1 Map Filters NONE Filters NONE Steam 1 RUN: 9dbaf10b-26d1-4aea-89fa-0094e1236403